 Dungeon Crawl Stone Soup version 0.28.0 (webtiles) character file.

Game seed: 8324383216840743128

1869 hikkokomori the Fighter (level 9, -6/77 HPs)
             Began as a Formicid Fighter on Feb 9, 2022.
             Mangled by a hornet zombie (8 damage)
             ... on level 6 of the Dungeon.
             The game lasted 00:11:26 (6267 turns).

hikkokomori the Fighter (Formicid Fighter)          Turns: 6267, Time: 00:11:26

Health: -6/77      AC:  9    Str: 23    XL:     9   Next: 35%
Magic:  9/9        EV: 10    Int: 10    God:
Gold:   230        SH:  4    Dex: 10    Spells: 8/8 levels left

rFire   + . .      SeeInvis +   x - +0 glaive (freeze)
rCold   . . .      Faith    .   c - +0 buckler
rNeg    . . .      Spirit   .   q - +3 ring mail
rPois   .          Reflect  .   (helmet unavailable)
rElec   .          Harm     .   (no cloak)
rCorr   .          Rampage  .   (no gloves)
Will    .....                   B - +0 pair of boots
Stlth   ..........              (no amulet)
HPRegen 0.22/turn               i - ring of protection from fire
MPRegen 0.11/turn               (no ring)

@: mighty
A: permanent stasis, dig shafts and tunnels, antennae 3, four strong arms
a: Dig, Shaft Self


You were on level 6 of the Dungeon.
You visited 1 branch of the dungeon, and saw 6 of its levels.

You collected 230 gold pieces.

Inventory:

Hand Weapons
 a - a +0 quarterstaff
 x - a +0 glaive of freezing (weapon)
 D - a +5 trident of venom
Missiles
 j - 67 bolts
 k - 3 curare-tipped darts
 t - 3 atropa-tipped darts
Armour
 b - a +0 scale mail
 c - a +0 buckler (worn)
 m - a +0 plate armour
 q - a +3 ring mail (worn)
 v - the +1 ring mail of Fasioque {Dex+7}
   (You found it on level 3 of the Dungeon)

   Dex:       It affects your dexterity (+7).
 B - a +0 pair of boots (worn)
Jewellery
 i - a ring of protection from fire (left hand)
Wands
 l - a wand of charming (10)
Scrolls
 g - a scroll of teleportation
 h - a scroll of fear {unknown}
 n - 2 scrolls of identify
 o - 2 scrolls of immolation
 p - a scroll of amnesia {unknown}
 u - 2 scrolls of magic mapping {unknown}
 y - a scroll of holy word {unknown}
 C - a scroll of silence {unknown}
Potions
 d - 2 potions of might
 f - a potion of attraction {unknown}
 s - 2 potions of magic
 w - a potion of brilliance {unknown}
 z - a potion of haste
 A - a potion of resistance {unknown}
 E - a potion of curing
 F - a potion of mutation {unknown}


   Skills:
 + Level 9.6 Fighting
 + Level 6.9(7.5) Polearms
 - Level 4.3(6.3) Staves
 - Level 3.4 Armour
 - Level 3.6 Shields


You had 8 spell levels left.
You didn't know any spells.
Your spell library contained the following spells:

 Spells                   Type           Power      Damage    Failure   Level
 Dazzling Flash           Conj/Hex       0%         N/A       91%         3
 Gell's Gravitas          Tloc           0%         N/A       91%         3
 Lesser Beckoning         Tloc           0%         N/A       91%         3
 Teleport Other           Tloc           0%         N/A       91%         3
 Iskenderun's Mystic Bla  Conj/Tloc      0%         2d3       100%        4
 Starburst                Conj/Fire      0%         6d3       100%        6


Dungeon Overview and Level Annotations

Branches:
Dungeon (6/15)
 Temple: D:4-7

Altars:
Ashenzari
Cheibriados
The Shining One

Shops:
D:3 [


Innate Abilities, Weirdness & Mutations

You cannot be hasted, slowed, berserked, paralysed or teleported.
You can dig through walls and to a lower floor.
You have a pair of large antennae on your head. (SInv)
Your four strong arms can wield two-handed weapons with a shield.


Message History

The hornet zombie is lightly damaged.
The hornet zombie hits you!
* * * LOW HITPOINT WARNING * * *
The hornet zombie closely misses you.
You feel much better. The hornet zombie hits you!
* * * LOW HITPOINT WARNING * * *
You hit the hornet zombie.
The hornet zombie is lightly damaged.
The hornet zombie closely misses you. You block the hornet zombie's attack.
You slash the hornet zombie!
The hornet zombie is moderately damaged.
You block the hornet zombie's attack. The hornet zombie hits you.
* * * LOW HITPOINT WARNING * * *
You hit the hornet zombie but do no damage.
The hornet zombie is moderately damaged.
The hornet zombie hits you.
* * * LOW HITPOINT WARNING * * *
The hornet zombie hits you.
* * * LOW HITPOINT WARNING * * *
You feel much better. The hornet zombie hits you.
You feel very mighty all of a sudden. The hornet zombie closely misses you.
You slash the hornet zombie!
The hornet zombie is heavily damaged.
The hornet zombie hits you!
* * * LOW HITPOINT WARNING * * *
The hornet zombie barely misses you.
You barely miss the hornet zombie.
The hornet zombie is heavily damaged.
The hornet zombie hits you but does no damage. x2
You slice the hornet zombie!! You freeze the hornet zombie.
The hornet zombie is almost destroyed.
The hornet zombie hits you!
* * * LOW HITPOINT WARNING * * *
The hornet zombie hits you!
* * * LOW HITPOINT WARNING * * *
You hit the hornet zombie.
The hornet zombie is almost destroyed.
The hornet zombie hits you!
You die...

#....##)..# ...#.....
#....##)### ........
#....#..).# ......#
##...##...## ###...#
##... #....# #.....
#.... #....# #.....
#.... #Z...# #^....
#...)##'..#### ##....
#....@♣...P..#####....
#...♣)Z)≈.≈≈P..##.....
##...≈≈≈≈≈≈≈≈..##.....
#.P≈.≈≈≈≈≈≈.≈P##.....
....P≈≈≈≈≈≈≈P≈)........
.....P.≈≈♣≈≈≈≈≈P.##....
......≈≈≈≈≈≈≈≈..#######
.......P..P..P#.#
.............####


You could see a hornet zombie.

Vanquished Creatures
  Pikel (D:5)
  A basilisk (D:6)
  Edmund (D:5)
  A black bear (D:4)
  An ogre (D:6)
  3 necrophages
  Blork the orc (D:5)
  A kobold brigand (D:6)
  A bullfrog (D:6)
  A scorpion (D:4)
  A bullfrog zombie (D:6)
  An orc priest (D:6)
  A gnoll shaman (D:5)
  A bullfrog skeleton (D:5)
  An iguana (D:6)
  2 orc wizards
  2 hound skeletons (D:4)
  2 adders
  16 gnolls
  2 adder skeletons (D:4)
  A worm (D:2)
  A dart slug (D:3)
  11 orcs
  6 ball pythons
  5 endoplasms
  A giant cockroach (D:1)
  8 goblins
  6 hobgoblins
  4 jackals (D:4)
  6 kobolds
  2 quokkas
  2 bats (D:2)
  5 frilled lizards
  6 rats
105 creatures vanquished.

Notes
Turn   | Place    | Note
-------+----------+-------------------------------------------
     0 | D:1      | hikkokomori the Formicid Fighter began the quest for the
                  | Orb.
     0 | D:1      | Reached XP level 1. HP: 18/18 MP: 1/1
   213 | D:1      | Reached XP level 2. HP: 15/24 MP: 2/2
   362 | D:1      | Found a faded altar of an unknown god.
  1211 | D:2      | Reached skill level 4 in Fighting
  1211 | D:2      | Reached XP level 3. HP: 24/30 MP: 3/3
  1217 | D:2      | Reached XP level 4. HP: 18/37 MP: 4/4
  1502 | D:3      | Reached XP level 5. HP: 34/43 MP: 5/5
  2370 | D:3      | Found a glowing golden altar of the Shining One.
  2674 | D:3      | Identified the +1 ring mail of Fasioque {Dex+7}
  2745 | D:3      | Reached skill level 5 in Fighting
  3258 | D:3      | Found Ysmimpygg's Armour Shoppe.
  3383 | D:4      | Reached XP level 6. HP: 17/51 MP: 6/6
  3884 | D:4      | Found a snail-covered altar of Cheibriados.
  3904 | D:4      | Noticed a necrophage
  3936 | D:4      | Killed a necrophage
  3937 | D:4      | Reached skill level 1 in Polearms
  4140 | D:4      | Found a broken altar of Ashenzari.
  4161 | D:4      | Noticed a necrophage
  4170 | D:4      | Killed a necrophage
  4171 | D:4      | Reached skill level 6 in Fighting
  4171 | D:4      | Reached XP level 7. HP: 57/58 MP: 7/7
  4548 | D:5      | Entered Level 5 of the Dungeon
  4550 | D:5      | Noticed Pikel
  4562 | D:5      | Killed Pikel
  4563 | D:5      | Reached skill level 7 in Fighting
  4563 | D:5      | Reached XP level 8. HP: 30/67 MP: 8/8
  4872 | D:5      | Reached skill level 5 in Polearms
  4877 | D:5      | Reached skill level 8 in Fighting
  5127 | D:5      | Noticed Blork the orc
  5137 | D:5      | Killed Blork the orc
  5556 | D:5      | Noticed Edmund
  5562 | D:5      | Killed Edmund
  5892 | D:6      | Reached XP level 9. HP: 65/75 MP: 9/9
  5972 | D:6      | Reached skill level 9 in Fighting
  6266 | D:6      | HP: 1/77 [hornet zombie (9)]
  6267 | D:6      | Mangled by a hornet zombie

Illustrated notes

Levels and vault maps discovered:
D:1:      dpeg_arrival_simpleton_c, layout_loops_ring,
          chequers_ecumenical_altar_grove, serial_co_window_serial,
          co_window_paths_a, co_window_of_opportunity_a, co_window_corner_a,
          co_window_cross_1, co_window_of_opportunity_a, co_window_corner_b,
          co_window_of_opportunity_c, co_window_broadway_b,
          co_window_of_opportunity_c, co_window_corner_ca, co_window_broadway_a,
          glass_columns_b, glass_columns_a, glass_columns_a, glass_columns_b,
          glass_columns_a
D:2:      layout_basic, hangedman_decor_push
D:3:      layout_loops_ring, tso_metal_star, serial_shops, shop,
          kennysheep_cross_room
D:4:      layout_basic, amcnicky_altar_gilded, nicolae_overflow_crystal_walls
D:5:      layout_basic, serial_glass, glass_columns_b, glass_columns_c,
          glass_columns_a, glass_columns_b, glass_columns_b, glass_columns_a,
          glass_columns_b, glass_columns_a, glass_columns_a, glass_columns_b,
          glass_columns_a, glass_columns_b, glass_columns_b, glass_columns_b,
          grunt_ministairs_2, uniq_blork_the_orc, uniq_pikel, uniq_edmund
D:6:      layout_gridville, lemuel_crystal_altar, serial_bayou_pond_b,
          minmay_misc_feat_pillars, kb_rosetta

Skill      XL: |  1  2  3  4  5  6  7  8  9 |
---------------+----------------------------+-----
Fighting       | 4 5 6 7 8 9 |  9.6
Staves         | 3 4 |  4.3
Polearms       | 2 4 6 |  6.9
Armour         | |  3.4
Shields        | |  3.6

Action                   |  1- 3 |  4- 6 |  7- 9 || total
-------------------------+-------+-------+-------++-------
Melee: Quarterstaff      |    52 |   109 |       ||   161
       Glaive            |       |    50 |   148 ||   198
  Use: Scroll            |       |     1 |     6 ||     7
       Potion            |       |       |     5 ||     5
Armor: Scale mail        |    18 |    11 |       ||    29
       Ring mail         |       |    48 |    50 ||    98
       Plate armour      |       |     8 |       ||     8
Dodge: Dodged            |    15 |    78 |    84 ||   177
Block: Buckler           |    14 |    35 |    35 ||    84
